[Event "Early-Titled-Tuesday-Blitz-March-19-2024"]
[Site "Chess.com"]
[Date "2024.03.19"]
[Round "7"]
[White "platy3"]
[Black "Rutricks"]
[Result "1-0"]
[WhiteElo "2950"]
[BlackElo "2714"]
[TimeControl "180+1"]
[EndTime "9:18:30 PDT"]
[Termination "platy3 won by resignation"]

1. e4 g6 2. d4 Bg7 3. Nf3 c6 4. h3 d5 5. Nc3 dxe4 6. Nxe4 Nf6 7. Nxf6+ exf6 8. Bc4 O-O 9. O-O a5 10. a4 Na6 11.
Bf4 Nb4 12. Qd2 Bf5 13. c3 Nd5 14. Bg3 Re8 15. Rfe1 Qd7 16. Bd3 Bxd3 17. Qxd3 Bf8 18. Nd2 f5 19. Nc4 f6 20. Rxe8 Qxe8 21. Bd6 Bxd6 22.
Nxd6 Qe7 23. Nc4 Qe6 24. Qf1 Re8 25. Nxa5 f4 26. Nxb7 f3 27. Nc5 Qf5 28. Qd3 Qg5 29. Qxf3 Nf4 30. h4 Qf5 31. g3 Ne2+ 32. Kg2 Qc2 33.
Qxf6 Rf8 34. Qe6+ Rf7 35. Ne4 Kf8 36. Qd6+ Kg7 37. Qe5+ Kf8 38. Ng5 Rxf2+ 39. Kxf2 Nxd4+ 40. Kg1 Ne2+ 41. Kh1 Qxb2 42. Rf1+ 1-0

[Event "Early-Titled-Tuesday-Blitz-March-19-2024"]
[Site "Chess.com"]
[Date "2024.03.19"]
[Round "7"]
[White "Meri-Arabidze"]
[Black "xakevicius91"]
[Result "1-0"]
[WhiteElo "2684"]
[BlackElo "2541"]
[TimeControl "180+1"]
[EndTime "9:18:30 PDT"]
[Termination "Meri-Arabidze won by resignation"]

1. d4 Nf6 2. c4 e6 3. g3 c5 4. d5 exd5 5. cxd5 d6 6. Bg2 g6 7. Nc3 Bg7 8. Nf3 O-O 9. O-O Re8 10. Bf4 Na6 11. Nd2 Nh5 12. Be3 Nc7 13. a4 a6 14. Nc4 Rb8 15. Qd2 b5 16. axb5 axb5 17.
Na5 Bd7 18. Ne4 Qe7 19. Nc6 Bxc6 20. dxc6 Red8 21. Ra7 Ra8 22. Rfa1 Rxa7 23. Rxa7 Be5 24. Nc3 Bxc3 25. bxc3 Ng7 26. Qa2 Nge6 27. h4 Qf8 28. Qa5 Rc8 29. h5 Qg7 30. h6 Qe5 31. Bh3 d5 32. Bxe6 Nxe6 33. Ra8 Rb8 34. Qa7 Rxa8 35. Qxa8+ Nf8 36. Bxc5 1-0

[Event "Early-Titled-Tuesday-Blitz-March-19-2024"]
[Site "Chess.com"]
[Date "2024.03.19"]
[Round "7"]
[White "Barmen_EV"]
[Black "LuisFSiles"]
[Result "1-0"]
[WhiteElo "2565"]
[BlackElo "2297"]
[TimeControl "180+1"]
[EndTime "9:18:30 PDT"]
[Termination "Barmen_EV won on time"]

1. e4 c5 2. c3 Nf6 3. e5 Nd5 4. d4 cxd4 5. Nf3 Nc6 6. cxd4 d6 7. Bc4 Nb6 8. Bxf7+ Kxf7 9. e6+ Kg8 10. d5 Nb4 11.
Nc3 N4xd5 12. Nxd5 Bxe6 13. Nf4 Bf7 14. Ng5 e5 15.
Nxf7 Kxf7 16. Nd5 Be7 17. Qb3 Nxd5 18. Qxd5+ Ke8 19. O-O Qd7 20. Be3 Rf8 21. Rac1 Rc8 22. Rxc8+ Qxc8 23. Rc1 Qd7 24. Bxa7 Bg5 25. Rc3 Qf5 26.
h3 Bf4 27. g3 Bg5 28. Qxb7 Qb1+ 29. Kh2 Qxa2 30. Bb6 1-0

[Event "Early-Titled-Tuesday-Blitz-March-19-2024"]
[Site "Chess.com"]
[Date "2024.03.19"]
[Round "7"]
[White "shirovin"]
[Black "AlexandraSamaganova"]
[Result "0-1"]
[WhiteElo "2041"]
[BlackElo "2301"]
[TimeControl "180+1"]
[EndTime "9:18:31 PDT"]
[Termination "AlexandraSamaganova won on time"]

1. e4 c5 2. Nf3 e6 3. d4 cxd4 4. Nxd4 a6 5. c4 Qc7 6. Nc3 Nf6 7.
Bd3 b6 8. O-O Bb7 9. Kh1 d6 10. f3 Nbd7 11. g4 Be7 12. g5 Nh5 13. f4 g6 14. f5 e5 15. Nf3 gxf5 16. exf5 Nc5 17. b4 Nxd3 18. Qxd3 f6 19. Nd5 Bxd5 20.
cxd5 Rg8 21. Rg1 Rc8 22. Be3 Qc4 23. Qxc4 Rxc4 24. a3 Kd7 25. Bxb6 fxg5 26. Be3 g4 27. Nd2 Rc2 0-1

[Event "Early-Titled-Tuesday-Blitz-March-19-2024"]
[Site "Chess.com"]
[Date "2024.03.19"]
[Round "7"]
[White "Alexchess1984"]
[Black "Josgar05"]
[Result "1-0"]
[WhiteElo "2767"]
[BlackElo "2381"]
[TimeControl "180+1"]
[EndTime "9:18:35 PDT"]
[Termination "Alexchess1984 won by resignation"]

1. e4 e6 2. d4 d5 3. Nd2 dxe4 4. Nxe4 Nf6 5. Nxf6+ gxf6 6. Nf3 Nd7 7. Bd3 Be7 8.
Qe2 c5 9. Bf4 cxd4 10. O-O-O e5 11. Bg3 Qa5 12. Kb1 b6 13. Rhe1 Bb7 14. Nxd4 O-O-O 15. Nf5 Bc5 16. Be4 Qa6 17. Qf3 Bxe4 18. Qxe4 Qb7 19. Qa4 Rhe8 20. Qb3 Re6 21. Rd5 Qc7 22.
Red1 Bf8 23. Qb5 Rc6 24. c3 Rc5 25. Qa6+ Kb8 26. R5d2 Qc6 27. Ne3 Ka8 28. Qe2 Be7 29.
Qf3 Qxf3 30. gxf3 Rc7 31. Nd5 Bd6 32. Nxc7+ Bxc7 1-0

[Event "Early-Titled-Tuesday-Blitz-March-19-2024"]
[Site "Chess.com"]
[Date "2024.03.19"]
[Round "7"]
[White "djokovic74"]
[Black "laziestwin"]
[Result "1-0"]
[WhiteElo "2730"]
[BlackElo "2558"]
[TimeControl "180+1"]
[EndTime "9:18:37 PDT"]
[Termination "djokovic74 won by checkmate"]

1. c4 d6 2. Nf3 g6 3. Nc3 Bg7 4. g3 Nf6 5. Bg2 O-O 6. O-O Nc6 7. d4 a6 8. e4 Bg4 9. Be3 e5 10. d5 Nd4 11. Bxd4 exd4 12. Qxd4 Re8 13. Qd3 Nd7 14.
Rac1 Nc5 15. Qe3 Bxc3 16. Qxc3 Nxe4 17. Qd4 Qf6 18. Qxf6 Nxf6 19. Rfe1 Bxf3 20. Bxf3 Nd7 21. Kg2 Nc5 22. Red1 a5 23. b3 Re5 24. Rc3 Rae8 25. a3 Na6 26. b4 axb4 27. axb4 Nxb4 28. Rb1 c5 29. dxc6 Nxc6 30. Rxb7 Nd4 31. Bd5 R8e7 32. Rb8+ Kg7 33. Rd3 Nf5 34. Bf3 Rc5 35. Bd5 Ra5 36.
Rd2 Ra3 37. Rd8 h5 38. h3 Rc7 39. Re2 Raa7 40. Ree8 Rd7 41. Rb8 Ra3 42. Kg1 Rc3 43.
g4 hxg4 44. hxg4 Nd4 45. g5 f6 46. Rg8+ Kh7 47. Rh8+ Kg7 48. Rbg8# 1-0

[Event "Early-Titled-Tuesday-Blitz-March-19-2024"]
[Site "Chess.com"]
[Date "2024.03.19"]
[Round "7"]
[White "wannabe2700"]
[Black "DanielTitichoca"]
[Result "1-0"]
[WhiteElo "2626"]
[BlackElo "2477"]
[TimeControl "180+1"]
[EndTime "9:18:37 PDT"]
[Termination "wannabe2700 won on time"]

1. b3 a5 2. Bb2 a4 3. b4 e6 4. c4 Nf6 5. a3 b6 6. Nc3 d5 7. e3 c5 8. cxd5 cxb4 9. axb4 Bxb4 10. Rxa4 Ba5 11. Bb5+ Nbd7 12. dxe6 fxe6 13. Ba3 Bb7 14.
Nf3 Qc7 15. Rc4 Qb8 16. Nd4 Bxg2 17. Rg1 Qxh2 18. Nce2 Ne4 19. Nb3 Bf3 20. Rf1 Nd6 21. Bxd6 Qxd6 22. Rd4 Bd5 23. e4 O-O 24. exd5 e5 25.
Rh4 Nf6 26. Nc3 Kh8 27. Qc2 Rac8 28. Rfh1 e4 29. Bc6 Qe5 30. Kf1 g6 31. Nxe4 Rf7 32.
Nxf6 Qxf6 33. d4 b5 34. Nc5 Bb6 35. Ne6 Bxd4 36. Nxd4 b4 37. R1h2 Rcf8 38. Qd2 Kg8 39. Rg4 Qe5 40. Rhg2 Kh8 41. Kg1 Re7 42. Qe3 Qf6 43.
Ne6 1-0

[Event "Early-Titled-Tuesday-Blitz-March-19-2024"]
[Site "Chess.com"]
[Date "2024.03.19"]
[Round "7"]
[White "mbojan"]
[Black "2KTNGO"]
[Result "0-1"]
[WhiteElo "2787"]
[BlackElo "2565"]
[TimeControl "180+1"]
[EndTime "9:18:38 PDT"]
[Termination "2KTNGO won by checkmate"]

1. Nf3 Nf6 2. d4 e6 3. e3 d5 4. c4 c5 5. Nc3 cxd4 6. exd4 Bb4 7. Bd3 dxc4 8. Bxc4 Bxc3+ 9. bxc3 Qc7 10. Qe2 O-O 11.
O-O Nbd7 12. Bg5 b6 13. Ne5 Bb7 14. Rac1 Nxe5 15. dxe5 Ne4 16. Bh4 Qxe5 17. Bd3 Qd5 18. f3 Nc5 19. Bb1 Qh5 20. Qf2 f6 21. Rcd1 Rfd8 22. Rd4 e5 23. Rg4 Kh8 24. Qg3 Rd7 25.
Rxg7 Rf7 26. Rxf7 Qxf7 27. Rd1 Rg8 28. Qh3 e4 29. Rd7 Nxd7 30. Qf5 Qd5 31. Bxf6+ Nxf6 32. Qxf6+ Rg7 33. Bxe4 Qd1+ 34. Kf2 Qd2+ 35. Kf1 Ba6+ 36.
Kg1 Qxg2# 0-1

[Event "Early-Titled-Tuesday-Blitz-March-19-2024"]
[Site "Chess.com"]
[Date "2024.03.19"]
[Round "7"]
[White "fandebobbyfischer"]
[Black "AccioChess"]
[Result "1-0"]
[WhiteElo "2692"]
[BlackElo "2465"]
[TimeControl "180+1"]
[EndTime "9:18:39 PDT"]
[Termination "fandebobbyfischer won on time"]

1. e4 c5 2. Nf3 Nc6 3. d4 cxd4 4.
Nxd4 Nf6 5. Nc3 e5 6. Ndb5 d6 7. Bg5 a6 8. Na3 b5 9. Bxf6 gxf6 10. Nd5 f5 11. g3 Bg7 12. Bg2 O-O 13. exf5 Bxf5 14.
Ne3 Ne7 15. Nxf5 Nxf5 16. O-O Ra7 17. c3 Ne7 18. Qh5 d5 19. Rad1 Rd7 20. Nc2 f5 21. Rd2 d4 22. cxd4 exd4 23. Rfd1 Ng6 24. Nb4 Rd6 25. Nd3 Qf6 26. f4 Qf7 27. Bh3 Ne7 28. Qxf7+ Kxf7 29. Bg2 Rfd8 30. Re2 Nc6 31. Rde1 Bf6 32.
Bf3 Kg6 33. h4 h5 34. Re6 Kf7 35. Bxh5+ Kg7 36. Bf3 Na5 37. b3 1-0

[Event "Early-Titled-Tuesday-Blitz-March-19-2024"]
[Site "Chess.com"]
[Date "2024.03.19"]
[Round "7"]
[White "profedechess93"]
[Black "ragnaroek66"]
[Result "0-1"]
[WhiteElo "2638"]
[BlackElo "2540"]
[TimeControl "180+1"]
[EndTime "9:18:39 PDT"]
[Termination "ragnaroek66 won by resignation"]

1. e4 c5 2. Nf3 Nc6 3. Bb5 e6 4. c3 d5 5. e5 Bd7 6. Ba4 d4 7. d3 Nge7 8. O-O Ng6 9. Re1 Be7 10. Nbd2 dxc3 11. bxc3 O-O 12. Bc2 Qc7 13. Qe2 Rfd8 14. Nf1 b5 15. d4 b4 16. dxc5 bxc3 17. h4 Bxc5 18. h5 Nf8 19. Bg5 Be7 20. h6 Bxg5 21. Nxg5 Nd4 22. Qe4 Bc6 23. Qh4 Nxc2 24. hxg7 Kxg7 25.
Ng3 Rd4 26. Nh5+ Kh8 27. Qh2 Rg4 28. Nf4 Rxg5 29. Rac1 Nxe1 30. Rxc3 Nf3+ 0-1

[Event "Early-Titled-Tuesday-Blitz-March-19-2024"]
[Site "Chess.com"]
[Date "2024.03.19"]
[Round "7"]
[White "Winner_7777"]
[Black "mertfelin"]
[Result "1-0"]
[WhiteElo "2623"]
[BlackElo "2374"]
[TimeControl "180+1"]
[EndTime "9:18:39 PDT"]
[Termination "Winner_7777 won by resignation"]

1. d4 d5 2. c4 e6 3. Nc3 Be7 4. Nf3 Nf6 5. Bg5 h6 6. Bh4 O-O 7. e3 b6 8. cxd5 Nxd5 9. Bxe7 Qxe7 10. Bd3 Bb7 11. Qc2 g6 12. Nxd5 Bxd5 13. e4 Bb7 14. O-O Rc8 15. Rac1 Nd7 16. Qd2 Kg7 17. Rfe1 c5 18.
Bb5 cxd4 19. Qxd4+ Nf6 20. e5 Nd5 21. Nd2 Rd8 22.
Bf1 Nb4 23. Qe3 Nxa2 24. Rc4 Nb4 25. Ne4 Bxe4 26. Qxe4 Nd5 27. h4 h5 28. g3 a5 29.
Rc6 Rd7 30. Bc4 Rb8 31. Rd1 Qb4 32. Rd4 Qxb2 33. Bxd5 Rbd8 34. Rd6 exd5 35. R4xd5 Qc1+ 36. Kh2 Qc7 37. Qd4 1-0

[Event "Early-Titled-Tuesday-Blitz-March-19-2024"]
[Site "Chess.com"]
[Date "2024.03.19"]
[Round "7"]
[White "Grischuk"]
[Black "js20000"]
[Result "1-0"]
[WhiteElo "3091"]
[BlackElo "2800"]
[TimeControl "180+1"]
[EndTime "9:18:40 PDT"]
[Termination "Grischuk won on time"]

1. d4 d5 2. Nf3 Nf6 3. Bg5 c5 4.
Bxf6 gxf6 5. dxc5 e6 6. e3 Bxc5 7. Be2 Nc6 8. O-O Qe7 9. c4 dxc4 10. Nbd2 c3 11. bxc3 f5 12. Qc2 O-O 13. e4 fxe4 14.
Nxe4 Bb6 15. Rad1 Bc7 16. Rfe1 f5 17. Ng3 e5 18. Bb5 e4 19. Bxc6 bxc6 20. Nd4 c5 21.
Nb5 Be5 22. c4 Be6 23. Nxe4 fxe4 24. Qxe4 Qf6 25. Qxe5 Qxf2+ 26. Kh1 Bxc4 27. Nd6 Bxa2 28. h3 Qf4 29. Qxc5 Qf6 30. Re3 Kh8 31. Rf3 Qg7 32.
Nf5 Qf6 33. Rdf1 1-0

[Event "Early-Titled-Tuesday-Blitz-March-19-2024"]
[Site "Chess.com"]
[Date "2024.03.19"]
[Round "7"]
[White "Gryffindorac8"]
[Black "GoltsevDmitry2000"]
[Result "1-0"]
[WhiteElo "2420"]
[BlackElo "2753"]
[TimeControl "180+1"]
[EndTime "9:18:41 PDT"]
[Termination "Gryffindorac8 won by checkmate"]

1. d4 e6 2. c4 d5 3. Nf3 Nf6 4. g3 dxc4 5. Bg2 c5 6. O-O Nc6 7. Ne5 Nxd4 8. e3 Qc7 9. exd4 cxd4 10. Qxd4 Bc5 11. Qc3 Nd5 12. Qxc4 f6 13. Qb5+ Ke7 14. Nd3 Bd4 15. Bxd5 exd5 16. Qb4+ Kf7 17. Qxd4 Bf5 18.
Nc3 Rhe8 19. Nf4 Rad8 20. Nfxd5 Qc6 21. Be3 h5 22. Rad1 b6 23. Qf4 Bg4 24. Rd2 Rd7 25.
Nb4 Qb7 26. Rxd7+ Qxd7 27. Qc4+ Be6 28. Qc6 Qe7 29. Nbd5 Qd8 30. Nc7 Re7 31. Nxe6 Rxe6 32. Qd5 Qe8 33. h4 Kg6 34. Ne2 Re5 35. Nf4+ Kh7 36.
Qd3+ g6 37. Qxg6+ Qxg6 38. Nxg6 Kxg6 39. Rd1 Kf5 40. Rd7 Kg4 41. Kg2 Kf5 42. Rxa7 b5 43. Rc7 Kg6 44. Rc5 Re4 45. Rxb5 Re6 46. a4 Re4 47. a5 Ra4 48. b4 Ra2 49. Rb6 Kf5 50. a6 Ra3 51. Rb5+ Ke4 52. Ra5 Rd3 53. a7 Rd8 54. a8=Q+ Rxa8 55. Rxa8 Kf5 56. Kf3 Kg6 57. Ra5 f5 58. Kf4 Kf6 59. Ra6+ Ke7 60. Ke5 Kd7 61. Rh6 f4 62. Bxf4 Kc7 63. Bd2 Kb7 64. Be1 Ka7 65.
Kd5 Kb7 66. Kc5 Ka7 67. Kb5 Kb8 68. Rh7 Kc8 69. Kb6 Kd8 70. Kc6 Ke8 71. Kd6 Kf8 72. Ke6 Kg8 73. Ra7 Kf8 74. Rb7 Kg8 75. Kf6 Kf8 76.
Rb8# 1-0

[Event "Early-Titled-Tuesday-Blitz-March-19-2024"]
[Site "Chess.com"]
[Date "2024.03.19"]
[Round "7"]
[White "igorknyazev"]
[Black "whiteglovethief"]
[Result "1/2-1/2"]
[WhiteElo "2241"]
[BlackElo "2444"]
[TimeControl "180+1"]
[EndTime "9:18:41 PDT"]
[Termination "Game drawn - insufficient material"]

1. e4 e6 2. d4 d5 3. exd5 exd5 4. Bd3 Bd6 5. c4 dxc4 6. Bxc4 Ne7 7. Ne2 O-O 8. Nbc3 Nbc6 9. Ne4 Bf5 10. Nxd6 cxd6 11. O-O d5 12. Bb3 Rc8 13. Bg5 f6 14. Bh4 Na5 15.
Re1 Nxb3 16. Qxb3 Qb6 17. Bg3 Bc2 18. Qxb6 axb6 19. Bd6 Rfe8 20. Nc3 Nf5 21. Rxe8+ Rxe8 22. Bc7 Nxd4 23. Bxb6 Ne2+ 24. Nxe2 Rxe2 25. b4 Kf7 26. a4 Bxa4 27. g4 Bc6 28. Kf1 Re4 29. f3 Rxb4 30. Bc5 Rb2 31. Bf2 d4 32. Rd1 Bxf3 33. Rxd4 Rb1+ 34. Be1 b5 35. Kf2 h5 36. gxh5 Bxh5 37.
Rb4 Rxb4 38. Bxb4 Ke6 39. Ke3 Kd5 40. Kd3 f5 41. h4 Bg6 42. Bf8 f4+ 43. Kd2 Kc4 44.
Bxg7 b4 45. Be5 b3 46. h5 Bxh5 47. Bxf4 b2 48. Kc2 b1=Q+ 49. Kxb1 1/2-1/2

[Event "Early-Titled-Tuesday-Blitz-March-19-2024"]
[Site "Chess.com"]
[Date "2024.03.19"]
[Round "7"]
[White "rikchessmx"]
[Black "JoliyRoger"]
[Result "0-1"]
[WhiteElo "2278"]
[BlackElo "2421"]
[TimeControl "180+1"]
[EndTime "9:18:42 PDT"]
[Termination "JoliyRoger won by resignation"]

1. e4 c6 2. d4 d5 3. Nc3 dxe4 4.
Nxe4 Nf6 5. Ng5 Bf5 6. N1f3 h6 7. Nh3 Bxh3 8. gxh3 e6 9. Bc4 Nbd7 10. Qe2 Bd6 11. Bd2 Qc7 12. O-O-O O-O-O 13. Rhg1 g6 14. Rg2 Nh5 15. Re1 Bf4 16. Be3 Nb6 17. Bb3 Rhe8 18. Kb1 Bd6 19. Bxh6 Bf4 20. Bg5 Bxg5 21. Rxg5 Nf4 22.
Qf1 a5 23. a4 Nbd5 24. Rge5 Nb4 25. h4 Rh8 26. Qc4 Nfd5 27. Qc5 Kb8 28. c4 b6 29. cxd5 bxc5 30. dxc6 Qxc6 31. Ng5 Rxd4 32. Nxf7 Re8 33.
Rxe6 Rxe6 34. Rxe6 Qh1+ 0-1

[Event "Early-Titled-Tuesday-Blitz-March-19-2024"]
[Site "Chess.com"]
[Date "2024.03.19"]
[Round "7"]
[White "Revan_2002"]
[Black "Szachulec75"]
[Result "1-0"]
[WhiteElo "2579"]
[BlackElo "2239"]
[TimeControl "180+1"]
[EndTime "9:18:43 PDT"]
[Termination "Revan_2002 won on time"]

1. b3 Nf6 2. Bb2 g6 3. e3 Bg7 4. Nf3 O-O 5. Be2 d6 6. O-O e5 7. c4 b6 8. Nc3 Bb7 9. d4 e4 10. Nd2 Re8 11. d5 Bc8 12. Qc2 Bf5 13. Nb5 g5 14.
Nd4 Bg6 15. b4 a5 16. a3 Qc8 17. Nb5 Nbd7 18. Nb3 a4 19. N3d4 Ne5 20. c5 Nf3+ 21.
Kh1 Ng4 22. gxf3 exf3 23. Bd3 Nxh2 24. Rg1 Qh3 25. Rg3 Qh5 26. Kg1 Be5 27. Nf5 Bxf5 28. Bxf5 Rac8 29. Rh3 1-0

[Event "Early-Titled-Tuesday-Blitz-March-19-2024"]
[Site "Chess.com"]
[Date "2024.03.19"]
[Round "7"]
[White "Cheer_Down"]
[Black "Ati1517"]
[Result "1-0"]
[WhiteElo "2452"]
[BlackElo "2238"]
[TimeControl "180+1"]
[EndTime "9:18:43 PDT"]
[Termination "Cheer_Down won by resignation"]

1. e4 c5 2. Nf3 d6 3. d4 cxd4 4.
Nxd4 Nf6 5. Nc3 a6 6. Rg1 e5 7. Nb3 Be7 8. g4 b5 9. g5 Nfd7 10. Be3 Bb7 11. a4 b4 12. Nd5 a5 13. h4 Na6 14. Bb5 Nc7 15. Bxd7+ Qxd7 16. Nb6 Qc6 17. Nxa8 Bxa8 18. f3 d5 19. Nxa5 Qa6 20. Nb3 dxe4 21.
fxe4 Bxe4 22. Nc5 Bxc5 23. Bxc5 Qc6 24. Qd6 Qxd6 25. Bxd6 Nd5 26. Ke2 Kd7 27. Bxe5 Ke6 28. Bxg7 Rc8 29. c3 bxc3 30. Bxc3 Nxc3+ 31. bxc3 Rxc3 32. a5 Ke5 33. a6 Rc2+ 34. Ke3 Rc3+ 35. Kd2 Rc2+ 36.
Kd1 Kd4 37. Rg4 Rh2 38. Rxe4+ Kxe4 39. Kc1 Rh1+ 40. Kb2 Rh2+ 41. Kb3 Rh3+ 42. Kb4 Kd5 43. Kb5 Rb3+ 44. Ka5 Rb8 45. a7 Ra8 46. Kb6 Kd6 47.
Kb7 Re8 48. a8=Q Re7+ 49. Kb6 1-0

[Event "Early-Titled-Tuesday-Blitz-March-19-2024"]
[Site "Chess.com"]
[Date "2024.03.19"]
[Round "7"]
[White "ChessFanNM"]
[Black "gorgeous1083"]
[Result "1-0"]
[WhiteElo "2265"]
[BlackElo "2071"]
[TimeControl "180+1"]
[EndTime "9:18:43 PDT"]
[Termination "ChessFanNM won on time"]

1. Nf3 Nf6 2. c4 c5 3. e3 Nc6 4.
d4 cxd4 5. exd4 d5 6. Nc3 e6 7. cxd5 exd5 8. Bb5 Bd6 9. O-O O-O 10. h3 h6 11. Bxc6 bxc6 12. Re1 Bf5 13. Qa4 Qc7 14. Ne5 c5 15. Nb5 Qb8 16. Nxd6 Qxd6 17. Bf4 Qb6 18. dxc5 Qxc5 19. Rac1 Qb6 20. b3 Rac8 21. Be3 Qd6 22. Nf3 Be4 23. Nd4 a6 24. Ne2 Nd7 25. Bf4 Qg6 26. Bg3 Nc5 27. Qd4 Nd3 28.
Rxc8 Rxc8 29. Ra1 Rc2 30. Nc3 Rxf2 31. Nxe4 Rxg2+ 32. Kxg2 Nf4+ 33. Kh2 Ne2 34. Qxd5 Kh7 35. Re1 Nxg3 36. Nxg3 Qc2+ 37. Re2 1-0

[Event "Early-Titled-Tuesday-Blitz-March-19-2024"]
[Site "Chess.com"]
[Date "2024.03.19"]
[Round "7"]
[White "Felix-Rose"]
[Black "HelvertHernandez"]
[Result "1-0"]
[WhiteElo "2258"]
[BlackElo "2028"]
[TimeControl "180+1"]
[EndTime "9:18:43 PDT"]
[Termination "Felix-Rose won by checkmate"]

1. Nf3 d5 2. e3 Nc6 3. c4 e6 4. Nc3 Nf6 5. b3 d4 6. Nb5 dxe3 7. fxe3 a6 8. Nc3 e5 9. Bb2 Bg4 10. Be2 e4 11. Ng5 Bxe2 12. Qxe2 Ne5 13. O-O Nd3 14. Rab1 Qe7 15. Ngxe4 Nxb2 16. Nxf6+ gxf6 17. Rxb2 O-O-O 18. Nd5 Qe5 19. d4 Qg5 20. Nxf6 Bh6 21. Rf3 Bg7 22. Nd5 Rhe8 23. Qf2 c6 24. Rf5 Qg6 25. Nb6+ Kc7 26. c5 Rxe3 27. Rxf7+ Kb8 28. Rxg7 Qe6 29.
Qf4+ Ka7 30. Rf2 Re1+ 31. Rf1 Re2 32. Qf7 Qc8 33. Nxc8+ Rxc8 34. Qxb7# 1-0

[Event "Early-Titled-Tuesday-Blitz-March-19-2024"]
[Site "Chess.com"]
[Date "2024.03.19"]
[Round "7"]
[White "Incognizance"]
[Black "lluiss"]
[Result "1-0"]
[WhiteElo "1900"]
[BlackElo "2225"]
[TimeControl "180+1"]
[EndTime "9:18:43 PDT"]
[Termination "Incognizance won on time"]

1. d4 Nf6 2. c4 g6 3. Nc3 d5 4. cxd5 Nxd5 5. e4 Nxc3 6. bxc3 Bg7 7. Nf3 c5 8. Rb1 O-O 9. Be2 cxd4 10. cxd4 Qa5+ 11.
Bd2 Qxa2 12. O-O Bg4 13. Be3 Nc6 14. d5 Ne5 15. Re1 Nxf3+ 16. gxf3 Bc8 17. Bg5 Qa3 18.
Rb3 Qd6 19. f4 h6 20. e5 Qd7 21. Bb5 Qf5 22. Bd3 Qd7 23. Bb5 Qf5 24. Bxe7 Qxf4 25.
Bxf8 Bxf8 26. Qf3 Qxf3 27. Rxf3 Bf5 28. Bd3 Bxd3 29. Rxd3 Bc5 30. e6 fxe6 31. Rxe6 Kf7 32. Re4 b6 33. d6 Rd8 34. d7 1-0

[Event "Early-Titled-Tuesday-Blitz-March-19-2024"]
[Site "Chess.com"]
[Date "2024.03.19"]
[Round "7"]
[White "GMG"]
[Black "Rud_Makarian"]
[Result "1-0"]
[WhiteElo "2811"]
[BlackElo "2961"]
[TimeControl "180+1"]
[EndTime "9:18:44 PDT"]
[Termination "GMG won by checkmate"]

1. d4 Nf6 2. c4 e6 3. Nf3 d5 4. Nc3 dxc4 5. e3 a6 6. Bxc4 b5 7. Bb3 Bb7 8. O-O c5 9. e4 cxd4 10. Nxd4 Nbd7 11. Re1 Qb8 12. e5 Nxe5 13. Bxe6 fxe6 14.
Nxe6 Bd6 15. Bf4 Kf7 16. Ng5+ Kf8 17. Bxe5 Bxe5 18. Qb3 Nd5 19. Nxd5 h6 20. Ne7 Kxe7 21. Qf7+ Kd6 22. Rxe5 Kxe5 23. Qe7+ Kd4 24. Rd1+ Kc4 25.
b3+ Kc3 26. Qc5+ Kb2 27. Rd2+ Kb1 28. Qc2+ Ka1 29. Qd1# 1-0

[Event "Early-Titled-Tuesday-Blitz-March-19-2024"]
[Site "Chess.com"]
[Date "2024.03.19"]
[Round "7"]
[White "jk13"]
[Black "Juicy_Fork"]
[Result "1-0"]
[WhiteElo "2683"]
[BlackElo "2536"]
[TimeControl "180+1"]
[EndTime "9:18:45 PDT"]
[Termination "jk13 won by checkmate"]

1. e4 e5 2. Nf3 Nc6 3. Bc4 Nf6 4. d3 Bc5 5. c3 d6 6. Bb3 O-O 7. O-O h6 8. h3 a5 9. Re1 Ba7 10. Nbd2 Be6 11. Bc2 Re8 12. Nf1 d5 13. Qe2 Qd6 14.
Ng3 dxe4 15. dxe4 Rad8 16. Nh4 Ne7 17. Qf3 Ng6 18. Nhf5 Bxf5 19. Nxf5 Qc6 20. a4 Bc5 21. Bb3 Qb6 22. Bc4 Bf8 23. b3 Ne7 24. Be3 c5 25. Ng3 Nc8 26. Nh5 Nxh5 27. Qxf7+ Kh7 28. Qg8+ Kg6 29. Bf7+ Kf6 30. Bxh5 Re7 31. Qh7 Ke6 32. Rad1 Rxd1 33. Rxd1 Nd6 34. Bg4+ Kf7 35. Bxh6 Nc4 36. Bh5+ Ke6 37. Qg6# 1-0

[Event "Early-Titled-Tuesday-Blitz-March-19-2024"]
[Site "Chess.com"]
[Date "2024.03.19"]
[Round "7"]
[White "jocmil"]
[Black "Manukyan_Artak"]
[Result "1-0"]
[WhiteElo "2773"]
[BlackElo "2475"]
[TimeControl "180+1"]
[EndTime "9:18:46 PDT"]
[Termination "jocmil won by resignation"]

1. d4 d5 2. Bf4 Bg4 3. c4 c6 4.
Nc3 e6 5. Qb3 Qb6 6. c5 Qxb3 7.
axb3 Nf6 8. b4 Nh5 9. Bxb8 Rxb8 10.
h3 a6 11. hxg4 Nf6 12. g5 Nd7 13. Nf3 Be7 14. e3 O-O 15. Bd3 g6 16. Kd2 Kg7 17.
Kc2 Rh8 18. Ne2 h5 19. gxh6+ Rxh6 20. Rxh6 Kxh6 21. Rh1+ Kg7 22. g4 Re8 23. g5 Bd8 24. Kd2 e5 25. dxe5 Nxe5 26. Nxe5 Rxe5 27. f4 Re8 28.
Nd4 Be7 29. Nb3 Bd8 30. Na5 Re7 31. f5 gxf5 32. Bxf5 Re5 33. Rf1 Bxg5 34. Rf3 d4 35. Nc4 dxe3+ 36. Ke2 Re7 37. Bd3 f6 38. Nd6 Bh6 39.
Nf5+ 1-0

[Event "Early-Titled-Tuesday-Blitz-March-19-2024"]
[Site "Chess.com"]
[Date "2024.03.19"]
[Round "7"]
[White "amanjazu"]
[Black "kingofthenil"]
[Result "1-0"]
[WhiteElo "2564"]
[BlackElo "2778"]
[TimeControl "180+1"]
[EndTime "9:18:47 PDT"]
[Termination "amanjazu won by resignation"]

1. g3 e5 2. Bg2 d5 3. d4 exd4 4. Qxd4 Nc6 5. Qxd5 Bd6 6. Nc3 Nf6 7. Qd1 Bg4 8. Nf3 Qe7 9. O-O O-O-O 10. Qe1 h5 11. h3 Bxf3 12. exf3 Qxe1 13. Rxe1 Nd4 14. Rb1 Nxc2 15.
Re2 Nd4 16. Rd2 Ne6 17. h4 Rhe8 18. Bh3 Kb8 19. Kg2 a6 20. Rd1 Be5 21. Bg5 Bxc3 22. Bxe6 Rxd1 23. Rxd1 fxe6 24. bxc3 b5 25. Bxf6 gxf6 26.
g4 c5 27. Kg3 Kc7 28. g5 Rg8 29. Kf4 Rf8 30. Ke4 b4 31. cxb4 cxb4 32. f4 a5 33. g6 f5+ 34. Ke5 a4 35. Kxe6 Kc6 36. g7 Rb8 37.
Kxf5 b3 38. axb3 axb3 39. Kg6 Kc5 40. f5 b2 41. f6 Rd8 42. Rb1 Rd2 43. g8=Q Rxf2 44.
Qc8+ Kd5 45. Qb7+ Ke5 46. Qe7+ Kd5 47. Qd7+ Kc4 48. Qa4+ Kc3 49. Qa3+ Kc4 50. Rxb2 Rxf6+ 51. Kxf6 1-0

[Event "Early-Titled-Tuesday-Blitz-March-19-2024"]
[Site "Chess.com"]
[Date "2024.03.19"]
[Round "7"]
[White "Al_Shima"]
[Black "LornerAcosta"]
[Result "0-1"]
[WhiteElo "2461"]
[BlackElo "2612"]
[TimeControl "180+1"]
[EndTime "9:18:47 PDT"]
[Termination "LornerAcosta won by resignation"]

1. d4 d5 2. c4 e6 3. Nc3 Nf6 4. Bg5 Be7 5. e3 Nbd7 6. Bd3 O-O 7. Nf3 dxc4 8. Bxc4 c5 9. O-O cxd4 10. exd4 Nb6 11.
Bb3 Nfd5 12. Bxe7 Nxe7 13. Re1 Bd7 14. Qe2 Bc6 15. Rad1 Rc8 16. Ne5 Nbd5 17. Bc2 Nf6 18. Qd3 Ned5 19. Ng4 g6 20. Ne5 Nf4 21. Qd2 N6h5 22.
f3 Qg5 23. Qf2 Nh3+ 24. Kf1 Nxf2 25. Kxf2 Rfd8 26. Be4 Nf4 27. g3 Nd5 28. Kg2 Nxc3 29.
bxc3 Bxe4 30. Rxe4 Rxc3 31. Rf4 Qxe5 32. dxe5 Rxd1 33.
Rd4 Rxd4 0-1

[Event "Early-Titled-Tuesday-Blitz-March-19-2024"]
[Site "Chess.com"]
[Date "2024.03.19"]
[Round "7"]
[White "AryanTari"]
[Black "kpio91"]
[Result "1-0"]
[WhiteElo "3017"]
[BlackElo "2852"]
[TimeControl "180+1"]
[EndTime "9:18:48 PDT"]
[Termination "AryanTari won on time"]

1. e4 g6 2. d4 Bg7 3. f3 d6 4. Nc3 a6 5. Be3 b5 6. Qd2 Nd7 7. h4 h5 8. Nh3 Bb7 9. Ng5 e6 10. Bd3 Ngf6 11. Ne2 Qe7 12. a4 O-O 13. O-O c6 14. c3 e5 15. b4 Rfe8 16. Ng3 d5 17. a5 dxe4 18. fxe4 Rf8 19. Be2 Rad8 20. Qb2 Nh7 21.
Rae1 Rde8 22. Bxh5 gxh5 23. Nf5 Qf6 24. Rf3 Kh8 25. Rg3 Bh6 26. Nxh6 Qxh6 27. Nxf7+ Rxf7 28. Bxh6 Nhf6 29. Qf2 Ree7 30. Qf5 Bc8 31. Qg6 Nf8 32. Bxf8 Rxf8 33. Rf1 1-0